 Dungeon Crawl Stone Soup version 0.21-a0-405-gf2af9a1 (webtiles) character file.

21750 Mamutox the Unseen (level 12, -2/60 HPs)
             Began as a Spriggan Assassin on Nov 1, 2017.
             Was a High Priest of Dithmenos.
             Engulfed by a lindwurm's steam (13 damage)
             ... on level 2 of the Lair of Beasts.
             The game lasted 02:04:52 (22145 turns).

Mamutox the Unseen (Spriggan Assassin)             Turns: 22145, Time: 02:04:53

Health: -2/60      AC:  9    Str: 11    XL:     12   Next: 56%
Magic:  14/14      EV: 27    Int: 14    God:    Dithmenos [*****.]
Gold:   409        SH:  0    Dex: 23    Spells: 13/14 levels left

rFire    . . .     SeeInvis +   R - +7 Screaming Sword
rCold    + . .     Gourm    .   (shield currently unavailable)
rNeg     . . .     Faith    +   e - +1 robe {rC+}
rPois    .         Spirit   .   p - +0 hat
rElec    .         Reflect  .   d - +0 cloak
rCorr    .         Harm     .   (gloves unavailable)
MR       ++...                  (boots unavailable)
Stlth    ++++++....             P - amulet of faith
HPRegen  0.20/turn              y - +4 ring of strength
MPRegen  0.14/turn              K - +3 ring of protection

@: wreathed by umbra, slow
A: unfitting armour, slimy green scales 1, see invisible, agile 1, herbivore 3,
speed 3, low mp 1, slow metabolism 2
a: Shadow Step, Shadow Form, Renounce Religion


You were on level 2 of the Lair of Beasts.
You worshipped Dithmenos.
Dithmenos was extremely pleased with you.
You were not hungry.

You visited 3 branches of the dungeon, and saw 14 of its levels.

You collected 661 gold pieces.
You spent 252 gold pieces at shops.

Inventory:

Hand Weapons
 b - a +0 blowgun
 s - a +0 hunting sling
 N - a +3 short sword
 R - the +7 Screaming Sword (weapon)
   (You found it on level 9 of the Dungeon)
Missiles
 f - 11 poisoned needles
 o - 196 arrows
 q - 237 stones (quivered)
 r - 50 sling bullets
 C - 3 curare-tipped needles
 L - 7 tomahawks
Armour
 d - a +0 cloak (worn)
 e - a +1 robe of cold resistance (worn)
 p - a +0 hat (worn)
Jewellery
 u - an uncursed amulet of guardian spirit
 y - a +4 ring of strength (left hand)
 G - an uncursed ring of wizardry
 K - a +3 ring of protection (right hand)
 P - an amulet of faith (around neck)
 V - a +5 ring of slaying {unknown}
 W - an uncursed amulet of rage {unknown}
Wands
 O - a wand of enslavement (4/24)
Scrolls
 h - 2 scrolls of recharging
 j - a scroll of magic mapping {unknown}
 k - 7 scrolls of identify
 l - 7 scrolls of remove curse
 x - 2 scrolls of fear
 E - a scroll of random uselessness {unknown}
 H - 2 scrolls of teleportation {unknown}
 I - 4 scrolls of enchant armour {unknown}
 Q - 2 scrolls of enchant weapon {unknown}
 T - 2 scrolls of fog {unknown}
 U - a scroll of amnesia {unknown}
Potions
 c - 3 potions of curing
 i - a potion of lignification {unknown}
 n - a potion of flight {unknown}
 t - a potion of haste
 v - 3 potions of might
 w - a potion of degeneration {unknown}
 z - 2 potions of agility
 B - a potion of brilliance {unknown}
 D - a potion of invisibility {unknown}
 J - a potion of ambrosia {unknown}
Books
 m - a book of Geomancy

   Spells                             Type                      Level
   a - Sandblast                      Earth                        1
   b - Passwall                       Transmutation/Earth          2
   c - Stone Arrow                    Conjuration/Earth            3
   d - Petrify                        Transmutation/Earth          4
   e - Lee's Rapid Deconstruction     Earth                        5
 F - a book of Changes

   Spells                             Type                      Level
   a - Beastly Appendage              Transmutation                1
   b - Sticks to Snakes               Transmutation                2
   c - Spider Form                    Transmutation/Poison         3
   d - Ice Form                       Ice/Transmutation            4
   e - Blade Hands                    Transmutation                5
 M - the Almanac of Dislocated Curses
   (You found it on level 8 of the Dungeon)

   Spells                             Type                      Level
   a - Corona                         Hexes                        1
   b - Dazzling Spray                 Conjuration/Hexes            3
   c - Spectral Weapon                Hexes/Charms                 3
   d - Portal Projectile              Hexes/Translocation          3
   e - Fulminant Prism                Conjuration/Hexes            4
   f - Dispersal                      Translocation                6
Miscellaneous
 S - a phantom mirror
Comestibles
 g - 8 bread rations
 A - 4 royal jellies


   Skills:
 + Level 5.5 Fighting
 * Level 11.7(12.5) Short Blades
 + Level 5.7(8.2) Long Blades
 + Level 6.2(8.4) Slings
 + Level 7.3(8.1) Throwing
 + Level 9.5 Dodging
 * Level 17.0 Stealth
 + Level 1.7 Spellcasting
 + Level 1.2 Hexes


You had 13 spell levels left.
You knew the following spells:

 Your Spells              Type           Power        Failure   Level  Hunger
a - Corona                Hex            #......      14%         1    ##.....


Dungeon Overview and Level Annotations

Branches:
Dungeon (10/15)            Temple (1/1) D:5            Lair (3/6) D:10
 Spider (0/4) Lair:2
  Swamp: Lair:2-4    Shoals: Lair:2-4       Orc: D:9-12

Altars:
Ashenzari
Cheibriados
Dithmenos
Elyvilon
Fedhas
Gozag
Hepliaklqana
Kikubaaqudgha
Makhleb
Nemelex Xobeh
Okawaru
Qazlal
Ru
Sif Muna
Trog
Uskayaw
Vehumet
Wu Jian
Xom
Yredelemnul
Zin
The Shining One

Shops:
D:5 [   D:8 *[(*!   D:10 }

Annotations:
D:6 bombpersons's ghost, novice CeAM
Lair:2 exclusion: oklob plant


Innate Abilities, Weirdness & Mutations

You are very small and have problems with some larger weapons.
You are too small for most types of armour.
You have supernaturally acute eyesight. (SInv)
You are a herbivore.
You cover ground extremely quickly.
You need consume almost no food.
You are partially covered in slimy green scales. (AC +2)
You are agile. (Dex +2)
Your magical capacity is low. (-10% MP)


Message History

You are engulfed in a cloud of scalding steam.
The lindwurm is engulfed in a cloud of scalding steam.
There is an open door here.
You enter the shallow water.
Moving in this stuff is going to be slow.
Why would you want to do that?
Wield which item (- for none, * to show all)? (? for menu, Esc to quit)
The Singing Sword hums in delight!
R - the +7 Singing Sword (weapon)
You slash the lindwurm!
The lindwurm is severely wounded.
Your shadow hits the lindwurm with a double sword.
The lindwurm breathes flames at you. The blast of flame hits you!
* * * LOW HITPOINT WARNING * * *
You hit the lindwurm.
The lindwurm is severely wounded.
Your shadow hits the lindwurm with a double sword.
You are engulfed in a cloud of scalding steam.
You die...

###### ############
≈≈k≈≈###§§≈≈##8≈≈≈#
k≈#k≈##§§§§≈≈##≈≈≈# ♣#####
≈##≈≈#≈≈§♣.≈≈≈≈≈≈≈# ♣....##
≈###≈≈≈≈####≈≈≈≈≈≈# ♣##..P# ##
###### #####≈≈# ##..########
##'#♣♣#P.....#.##.
##♣♣#♣#####♣♣♣♣♣k≈♣♣.............
.≈≈≈≈≈♣♣≈≈♣≈≈≈P≈@≈♣♣♣.......<....
.P≈≈≈≈≈≈≈≈≈≈≈≈≈≈§≈♣ ♣............
≈≈≈≈≈≈≈≈≈P≈≈≈≈≈P§♣♣♣♣............
≈≈≈≈≈♣♣≈P♣♣♣≈≈♣♣♣♣♣..............
≈P≈≈≈♣♣♣♣♣ ♣♣♣♣ ♣♣.......###.#.#
.≈≈≈≈≈≈≈PP♣♣♣ ♣...............
..≈≈≈≈≈P≈..P♣♣♣ ♣...............
...≈≈≈≈≈≈≈..PP♣ ♣............###
.....≈≈≈≈≈...P♣♣♣♣♣........#P..#.


You could see a lindwurm.

Vanquished Creatures
  The ghost of tof the Carver, a journeyman MiMo of Wu Jian (Lair:2)
  Erica (D:8)
  3 two-headed ogres
  The ghost of zero the Destroyer, a novice DECj of Vehumet (Lair:1)
  Pikel (D:7)
  The ghost of darxusza the Ruffian, a novice TrMo (D:5)
  3 elephants (Lair:2)
  A gargoyle (D:10)
  4 black mambas
  3 spiny frogs
  A komodo dragon (Lair:1)
  2 trolls (D:10)
  4 hippogriffs
  Grinder (D:3)
  Prince Ribbit (D:8)
  8 blink frogs
  Sigmund (D:2)
  A wyvern (D:10)
  15 yaks
  A basilisk (Lair:3)
  3 hungry ghosts
  Menkaure (D:7)
  5 water moccasins
  6 porcupines
  5 ice beasts
  A black bear (D:10)
  2 orc warriors
  3 sky beasts
  A hornet zombie (D:7)
  An ogre (D:8)
  A slave (D:7)
  15 wolves
  4 centaurs
  2 crocodiles
  13 bullfrogs
  A gnoll sergeant (D:8)
  2 water moccasin skeletons
  6 scorpions (D:9)
  6 killer bees (D:9)
  3 howler monkeys
  3 wights (D:8)
  6 electric eels
  6 crimson imps
  A quasit (D:9)
  2 jellies
  3 orc priests
  2 bullfrog skeletons
  7 hounds
  4 iguanas
  Natasha (twice) (D:2)
  Terence (D:3)
  4 orc wizards
  A polar bear simulacrum (Lair:2)
  4 worker ants
  2 wolf simulacra (Lair:2)
  A hound zombie (D:9)
  2 howler monkey zombies
  Robin (D:3)
  4 gnolls
  17 adders
  3 shadow imps
  2 oozes
  2 adder skeletons
  An adder zombie (D:7)
  5 worms
  11 leopard geckos
  29 orcs
  4 giant cockroaches
  16 goblins
  8 hobgoblins
  9 jackals
  4 kobolds
  4 quokkas
  A ball python (D:4)
  9 bats
  4 frilled lizards
  A quokka skeleton (D:4)
  15 rats
  A river rat simulacrum (Lair:2)
  A fungus (Lair:1)
  2 plants (Lair:2)
340 creatures vanquished.

Vanquished Creatures (others)
  A sky beast (D:6)
  A jackal (D:7)
  6 fungi
  6 plants (Lair:2)
  7 toadstools (Lair:2)
21 creatures vanquished.

Grand Total: 361 creatures vanquished

Notes
Turn   | Place    | Note
-------+----------+-------------------------------------------
     0 | D:1      | Mamutox the Spriggan Assassin began the quest for the Orb.
     0 | D:1      | Reached XP level 1. HP: 10/10 MP: 2/2
   100 | D:1      | Reached skill level 6 in Stealth
   169 | D:1      | Reached XP level 2. HP: 14/14 MP: 3/3
   384 | D:1      | Reached skill level 7 in Stealth
   703 | D:2      | Reached XP level 3. HP: 18/18 MP: 4/4
   779 | D:2      | Noticed Sigmund
   896 | D:2      | Killed Sigmund
   896 | D:2      | Reached skill level 9 in Stealth
   896 | D:2      | Reached XP level 4. HP: 18/23 MP: 5/5
   896 | D:2      | Reached XP level 5. HP: 20/26 MP: 6/6
  1572 | D:2      | Noticed Natasha
  1577 | D:2      | Killed Natasha
  1609 | D:2      | Found a bloodstained altar of Trog.
  1680 | D:2      | Noticed Natasha
  2323 | D:2      | Killed Natasha
  2323 | D:2      | Reached XP level 6. HP: 27/30 MP: 7/7
  2659 | D:3      | Noticed Grinder
  2668 | D:3      | Killed Grinder
  3302 | D:3      | Reached skill level 10 in Stealth
  3302 | D:3      | Reached XP level 7. HP: 34/35 MP: 8/8
  3412 | D:3      | Noticed Terence
  3425 | D:3      | Found a blossoming altar of Fedhas.
  3474 | D:3      | Killed Terence
  3494 | D:3      | Found an iron altar of Okawaru.
  3499 | D:3      | Noticed Robin
  3780 | D:3      | Killed Robin
  3857 | D:3      | Found a basalt altar of Yredelemnul.
  4789 | D:4      | Found a radiant altar of Vehumet.
  4982 | D:4      | Found a white marble altar of Elyvilon.
  5306 | D:4      | Found an ancient bone altar of Kikubaaqudgha.
  5314 | D:4      | Found a hazy altar of Hepliaklqana.
  5321 | D:4      | Found a glowing silver altar of Zin.
  5504 | D:5      | Entered Level 5 of the Dungeon
  5552 | D:5      | Noticed darxusza's ghost (novice TrMo)
  5713 | D:5      | Reached skill level 5 in Short Blades
  5728 | D:5      | Noticed a hippogriff
  5758 | D:5      | Found a staircase to the Ecumenical Temple.
  5768 | Temple   | Entered the Ecumenical Temple
  5804 | Temple   | Became a worshipper of Dithmenos the Shadowed
  7086 | D:5      | Killed darxusza's ghost
  7086 | D:5      | Reached skill level 11 in Stealth
  7086 | D:5      | Reached XP level 8. HP: 32/39 MP: 9/9
  7261 | D:5      | Killed a hippogriff
  7728 | D:5      | Found a sacrificial altar of Ru.
  8064 | D:5      | Found Miles's Armour Shop.
  8117 | D:6      | Found a bloodstained altar of Trog.
  8123 | D:6      | Noticed bombpersons's ghost (novice CeAM)
  8657 | D:6      | Reached skill level 5 in Dodging
  8657 | D:6      | Reached XP level 9. HP: 27/44 MP: 7/10
  9061 | D:6      | Reached * piety under Dithmenos
  9475 | D:6      | Reached skill level 12 in Stealth
  9779 | D:7      | Noticed Prince Ribbit
  9795 | D:7      | Noticed Pikel
  9814 | D:8      | Noticed Erica
  9816 | D:8      | Killed Erica
  9907 | D:8      | Found Jysha's Antique Armour Boutique.
  9923 | D:7      | Found a glowing golden altar of the Shining One.
  9923 | D:7      | Found a shattered altar of Ashenzari.
  9926 | D:7      | Found an ornate altar of the Wu Jian Council.
  9949 | D:7      | Noticed Menkaure
 10319 | D:8      | Noticed a two-headed ogre
 10322 | D:8      | Reached skill level 5 in Throwing
 10342 | D:8      | Found Pihao's Antique Weapon Shop.
 10712 | D:7      | Killed Menkaure
 10890 | D:7      | Reached skill level 5 in Slings
 11089 | D:7      | Reached XP level 10. HP: 17/49 MP: 6/11
 11522 | D:8      | Found Zazayclu's Assorted Antiques.
 11557 | D:8      | Found Amugoil's Distillery.
 11581 | D:8      | Identified the Almanac of Dislocated Curses
 11585 | D:8      | Learned a level 1 spell: Corona
 11599 | D:8      | Reached ** piety under Dithmenos
 11645 | D:7      | Reached skill level 13 in Stealth
 12778 | D:8      | Found Cele's General Store.
 12828 | D:8      | Killed a two-headed ogre
 13012 | D:7      | Killed Pikel
 13012 | D:7      | Reached skill level 1 in Spellcasting
 13012 | D:7      | Reached skill level 1 in Hexes
 13134 | D:8      | Bought a potion of heal wounds for 60 gold pieces
 13134 | D:8      | Bought 2 potions of mutation for 192 gold pieces
 13135 | D:8      | Gained mutation: You tend to lose your temper in combat. [potion of mutation]
 13135 | D:8      | Gained mutation: You have large cloven feet. [potion of mutation]
 13135 | D:8      | Gained mutation: Your spells are a little harder to cast, but a little more powerful. [potion of mutation]
 13136 | D:8      | Lost mutation: You tend to lose your temper in combat. [potion of mutation]
 13136 | D:8      | Lost mutation: Your spells are a little harder to cast, but a little more powerful. [potion of mutation]
 13136 | D:8      | Gained mutation: You are frail. (-10% HP) [potion of mutation]
 13136 | D:8      | Gained mutation: Your magical capacity is low. (-10% MP) [potion of mutation]
 13136 | D:8      | Gained mutation: Your system is resistant to poisons. (rPois) [potion of mutation]
 13223 | D:8      | Found a snail-covered altar of Cheibriados.
 13584 | D:8      | Killed Prince Ribbit
 13738 | D:9      | Reached skill level 10 in Short Blades
 13850 | D:9      | Found the +7 Singing Sword
 13869 | D:9      | Reached *** piety under Dithmenos
 14273 | D:9      | Found a glowing golden altar of the Shining One.
 14359 | D:9      | Reached skill level 14 in Stealth
 14652 | D:10     | Entered Level 10 of the Dungeon
 14755 | D:10     | Noticed a two-headed ogre
 14774 | D:10     | Found a staircase to the Lair.
 14870 | D:10     | Reached XP level 11. HP: 20/48 MP: 13/13
 15845 | D:10     | Found Agawuedgh's Gadget Shoppe.
 15850 | D:10     | Noticed a two-headed ogre
 15989 | D:10     | Killed a two-headed ogre
 16192 | D:10     | Killed a two-headed ogre
 16324 | D:10     | Reached skill level 1 in Long Blades
 16641 | D:10     | Reached **** piety under Dithmenos
 16876 | D:10     | Reached skill level 15 in Stealth
 17085 | Lair:1   | Entered Level 1 of the Lair of Beasts
 17315 | Lair:1   | Noticed zero's ghost (novice DECj)
 18248 | Lair:1   | Lost mutation: You are frail. (-10% HP) [potion of mutation]
 18248 | Lair:1   | Lost mutation: You have large cloven feet. [potion of mutation]
 18248 | Lair:1   | Lost mutation: Your system is resistant to poisons. (rPois) [potion of mutation]
 18248 | Lair:1   | Gained mutation: Your muscles are strong. (Str +2) [potion of mutation]
 18248 | Lair:1   | Gained mutation: You are agile. (Dex +2) [potion of mutation]
 18248 | Lair:1   | Lost mutation: Your muscles are strong. (Str +2) [potion of mutation]
 18248 | Lair:1   | Gained mutation: You are partially covered in slimy green scales. (AC +2) [potion of mutation]
 18410 | Lair:1   | Killed zero's ghost
 18414 | Lair:1   | Reached skill level 5 in Fighting
 19160 | Lair:2   | Noticed a death yak
 19206 | Lair:2   | Found a hole to the Spider Nest.
 19573 | Lair:1   | Reached XP level 12. HP: 38/60 MP: 14/14
 19798 | Lair:2   | Noticed tof's ghost (journeyman MiMo)
 19853 | Lair:2   | Reached skill level 16 in Stealth
 19905 | Lair:2   | Killed tof's ghost
 19905 | Lair:2   | Reached skill level 5 in Long Blades
 20021 | Lair:2   | Reached ***** piety under Dithmenos
 21671 | Lair:2   | Found a runed door.
 22118 | Lair:2   | Reached skill level 17 in Stealth
 22145 | Lair:2   | Engulfed by a lindwurm's steam

Vault maps used:
D:1:      dpeg_arrival_ratfight
D:2:      old_standard_altar, minmay_pentomino_w4, uniq_natasha, uniq_sigmund
D:3:      yredelemnul_altar_generic, grunt_temple_overflow_open, uniq_robin,
          uniq_grinder, uniq_terence
D:4:      vehumet_crystals, grunt_temple_overflow_diamond, elyvilon_altar_3
D:5:      nicolae_ru_the_path_less_chosen, temple_hall, gup_sewer_entry_bubbles,
          first_bread, serial_shops, kennysheep_little_box, minivault_11,
          grunt_decor_mini_mirrors
D:6:      basic_altar, kennysheep_generic_room_13
D:7:      nicolae_overflow_hidden_temple, uniq_prince_ribbit1, uniq_pikel,
          uniq_menkaure
D:8:      cheibrodos_worm_habitat, serial_shops, nicolae_shop_waterfront,
          nicolae_shop_overgrown_old_shop, shop, nicolae_shop_trees, shop,
          uniq_erica
D:9:      old_forge, basic_altar
D:10:     erik_lair_island, serial_shops, nicolae_shop_statue_plus
Temple:   jpeg_temple_island
Lair:1:   grunt_megastairs_2
Lair:2:   gammafunk_lair_enchanted_lake, spider_nest_entry_web_field,
          portal_ice_cave_entry_imps, eino_house_with_fridge,
          grunt_megastairs_5, minmay_lair_oklob_chamber
Lair:3:   minmay_shoals_entry_hut, grunt_megastairs_1

Skill      XL: |  1  2  3  4  5  6  7  8  9 10 11 12 |
---------------+-------------------------------------+-----
Stealth        | 6 7 9 10 11 12 14 15 17 | 17.0
Fighting       | 2 3 4 5 |  5.5
Short Blades   | 3 4 6 7 9 10 11 | 11.7
Dodging        | 2 3 4 5 6 8 9 |  9.5
Throwing       | 3 4 5 6 7 |  7.3
Slings         | 3 4 5 6 |  6.2
Spellcasting   | 1 |  1.7
Hexes          | 1 |  1.2
Long Blades    | 4 5 |  5.7

Action                   |  1- 3 |  4- 6 |  7- 9 | 10-12 || total
-------------------------+-------+-------+-------+-------++-------
Melee: Dagger            |    35 |   316 |   798 |    21 ||  1170
       Short sword       |       |       |       |   435 ||   435
       Kick              |       |       |       |   108 ||   108
       Double sword      |       |       |       |   140 ||   140
 Fire: Blowgun           |    10 |    36 |    93 |   152 ||   291
       Hunting sling     |       |    42 |    99 |    32 ||   173
Throw: Stone             |       |     2 |     4 |     4 ||    10
 Cast: Corona            |       |       |       |     9 ||     9
Invok: Shadow Step       |       |       |       |     3 ||     3
  Use: Scroll            |       |     2 |     7 |     2 ||    11
       Potion            |       |       |       |     9 ||     9
 Stab: Sleeping          |    14 |     6 |    14 |    33 ||    67
       Distracted        |     1 |       |     2 |    11 ||    14
  Eat: Bread ration      |       |       |     2 |     2 ||     4
       Royal jelly       |       |       |       |     1 ||     1
Armor: Robe              |     2 |    37 |    64 |    33 ||   136
Dodge: Dodged            |    16 |   245 |   563 |   541 ||  1365
       Rpst.: Double sword |       |       |       |    79 ||    79

Table legend:
 A = Spawn XP
 B = Non-spawn XP
 C = Spawn XP percentage of total XP
 D = Spawn monster count
 E = Non-spawn monster count
 F = Spawn count percentage of total count
 G = Total turns spent on level
                    A         B        C        D         E        F      G
               +---------+---------+-------+---------+---------+-------+---------
         Total |       0 |   31072 |   0.0 |       0 |     337 |   0.0 | 22145
               +---------+---------+-------+---------+---------+-------+---------
           D:1 |       0 |      34 |   0.0 |       0 |      18 |   0.0 |   909
           D:2 |       0 |     380 |   0.0 |       0 |      26 |   0.0 |  1506
           D:3 |       0 |     436 |   0.0 |       0 |      30 |   0.0 |  1816
           D:4 |       0 |      77 |   0.0 |       0 |      16 |   0.0 |  1364
           D:5 |       0 |    1634 |   0.0 |       0 |      31 |   0.0 |  2491
           D:6 |       0 |     979 |   0.0 |       0 |      19 |   0.0 |  1363
           D:7 |       0 |    2778 |   0.0 |       0 |      35 |   0.0 |  2407
           D:8 |       0 |    2648 |   0.0 |       0 |      16 |   0.0 |  1362
           D:9 |       0 |    1307 |   0.0 |       0 |      29 |   0.0 |  1203
          D:10 |       0 |    6192 |   0.0 |       0 |      50 |   0.0 |  2853
        Lair:1 |       0 |    3993 |   0.0 |       0 |      19 |   0.0 |  2429
        Lair:2 |       0 |    8249 |   0.0 |       0 |      35 |   0.0 |  1693
        Lair:3 |       0 |    2365 |   0.0 |       0 |      13 |   0.0 |   361
               +---------+---------+-------+---------+---------+-------+---------
